← All builds
Suicide front / Armada / Quick factory / OBSERVED BUILD

Mace bot assault

Armada Suicide front build order · Supreme Isthmus

An economy-first start rushes Mace out of the Bot Lab from around 2:02, well ahead of the role's norm, to push a stronger bot assault into the middle before shifting to the usual mixed army.

#rush #push · 98 distinct matches · 24 players · 3% of Armada Suicide front games · team won 52% of 99 · Recently observed

THE CATCH, AND WHAT COMES WITH IT
  • MaceT1 bot assault from 1:52 · 12% of role by thenFrom the Bot Lab. Only 12% of Suicide front games have it by then; others who build it get it around 2:13
  • MaceMace in 77%6% of all Suicide front games by then

Where those units first fight, in 99 games with kill data: in the middle 99%.

Those units destroy a typical 2,630 metal of enemy units by 15:00.

Then transitions into rocketeer (10% of army).

HOW TO PLAY IT

Key timing: Mace by 2:03

  1. Open single mex straight into Bot Lab by 0:44.
  2. Grab more mex and wind while lab keeps producing.
  3. Push Mace-led bot assault into middle ahead of schedule.
  4. Keep reinforcing with Mace, add Centurion for anti-swarm.
  5. Transition into usual Centurion/Blitz mix with T2 cons.

Phase by phase

TYPICAL OF ITS 98 GAMES · AGAINST STANDARD SUICIDE FRONT
  1. 1
  2. 2
  3. 3
  4. 4
PLAY THE OPENING

Follow the example game's first 6:00 step by step: what to build now, what comes next, and where it goes. At 1× it keeps pace with your own game.

  1. 1

    Up to the Bot Lab

    Economy
    • Metal Extractor2Mex+2 vs standard
    Order
    1. Bot LabBot Lab after 2 mexdone ~0:35, middle half 0:30–0:46

    By 0:19 in all: 2 mex (standard 0)

    The example game in this phase · 3 steps
    1. Mex
    2. Wind
    3. Bot LabBot Labdone 0:33 · typical 0:35
  2. 2

    Bot Lab to T1 bot assault

    Economy
    • Metal Extractor1Mex−2 vs standard
    Order
    1. MaceT1 bot assault after 3 mex, 1 wind
    Builders
    • Construction Bot2 Con bot
    • Lazarus2 Lazarus
    Army
    • Sentry1 Sentry
    • Centurion1 Centurion

    Some games also: wind (42%) · tick (39%)

    By 1:52 in all: 3 mex · 1 wind

    The example game in this phase · 11 steps
    1. LazarusLazarus
    2. TickTick
    3. Construction BotCon bot ×2
    4. Mex
    5. LazarusLazarus
    6. SentrySentry
    7. Mex
    8. PawnPawn
    9. Construction BotCon bot
    10. Mex
    11. MaceMacedone 1:55
  3. 3

    T1 bot assault to 5:00

    Economy
    • Metal Extractor2Mex
    • Wind Turbine5Wind+2 vs standard
    Builders
    • Construction Bot1 Con bot
    • Lazarus1 Lazarus
    Army
    • Sentry2 Sentry
    • Mace11 Mace +11 vs standard
    Other
    • Radar Tower1 Radar Tower

    Some games also: Beamer (46%) · rocketeer (41%) · con turret (37%)

    The standard build makes here, this one skips: 15 rocketeer

    By 5:00 in all: 5 mex · 6 wind (standard 4)

    The example game in this phase · 9 steps
    1. SentrySentry
    2. Radar TowerRadar Tower
    3. MaceMace ×4
    4. BeamerBeamer
    5. MaceMace
    6. RocketeerRocketeer ×3
    7. SentrySentry
    8. RocketeerRocketeer ×3
    9. MaceMace ×10
  4. 4

    5:00 to 10:00

    Economy
    • Metal Extractor1Mex
    • Wind Turbine13Wind
    Builders
    • Construction Turret1 Con turret
    • Lazarus3 Lazarus
    Army
    • Mace9 Mace +9 vs standard

    Some games also: Sentry (42%) · con bot (41%) · rocketeer (37%) · Beamer (33%) · Radar Tower (32%)

    The standard build makes here, this one skips: 8 rocketeer

    By 10:00 in all: 6 mex · 20 wind · 2 con turret

    The example game in this phase · 216 steps
    1. Mex
    2. Construction BotCon bot ×2
    3. LazarusLazarus ×2
    4. Mex
    5. Advanced Metal ExtractorT2 mexdone 6:32 · typical 10:45
    6. Construction BotCon bot ×3
    7. Advanced Metal ExtractorT2 mex
    8. Construction BotCon bot
    9. Solar
    10. Con turret
    11. LazarusLazarus
    12. Solar ×2
    13. LazarusLazarus
    14. Advanced Metal ExtractorT2 mex
    15. Solar ×4
    16. PawnPawn ×2
    17. Solar ×2
    18. PawnPawn
    19. Mex
    20. Solar
    21. PawnPawn
    22. Solar
    23. Con turret
    24. PawnPawn
    25. Advanced Metal ExtractorT2 mex
    26. PawnPawn
    27. Wind
    28. PawnPawn ×3
    29. Wind ×2
    30. PawnPawn ×2
    31. Wind
    32. PawnPawn
    33. Wind
    34. PawnPawn ×3
    35. Wind ×2
    36. Con turret
    37. Wind ×2
    38. Construction BotCon bot
    39. Con turret
    40. Wind ×2
    41. Construction BotCon bot
    42. Wind ×2
    43. PawnPawn ×4
    44. Wind
    45. PawnPawn
    46. Wind
    47. PawnPawn ×3
    48. Wind
    49. PawnPawn
    50. Pit BullPit Bull
    51. Wind
    52. PawnPawn ×3
    53. Wind
    54. PawnPawn
    55. Wind
    56. PawnPawn ×4
    57. Wind
    58. PawnPawn
    59. Wind
    60. PawnPawn ×3
    61. Wind
    62. PawnPawn
    63. Wind
    64. PawnPawn ×3
    65. Wind
    66. PawnPawn
    67. Wind
    68. PawnPawn
    69. Con turret
    70. PawnPawn
    71. Wind
    72. Con turret
    73. Wind ×2
    74. Con turret
    75. Wind
    76. Con turret
    77. Wind
    78. PawnPawn ×2
    79. Wind
    80. PawnPawn ×3
    81. Advanced solar
    82. Wind
    83. PawnPawn
    84. Wind
    85. Con turret
    86. Advanced solar
    87. PawnPawn
    88. Advanced Metal ExtractorT2 mex
    89. Wind
    90. Advanced solar
    91. PawnPawn
    92. Wind
    93. Aircraft PlantAircraft Plantdone 12:04
    94. Advanced solar
    95. Wind
    96. PawnPawn
    97. Wind
    98. PawnPawn
    99. StormbringerBomber
    100. Wind
    101. Advanced solar
    102. PawnPawn
    103. Wind
    104. StormbringerBomber
    105. PawnPawn
    106. Fortification WallFortification Wall ×2
    107. StormbringerBomber
    108. Wind
    109. PawnPawn
    110. Fortification WallFortification Wall
    111. Wind
    112. StormbringerBomber
    113. PawnPawn
    114. Fortification WallFortification Wall
    115. StormbringerBomber
    116. Fortification WallFortification Wall
    117. PawnPawn
    118. Fortification WallFortification Wall
    119. Wind
    120. Fortification WallFortification Wall
    121. Wind
    122. StormbringerBomber
    123. PawnPawn
    124. StormbringerBomber
    125. Advanced solar
    126. PawnPawn
    127. Wind
    128. StormbringerBomber
    129. Wind
    130. PawnPawn
    131. StormbringerBomber
    132. PawnPawn
    133. Wind
    134. StormbringerBomber
    135. PawnPawn
    136. Wind
    137. StormbringerBomber
    138. PawnPawn
    139. StormbringerBomber
    140. Wind
    141. PawnPawn
    142. Wind
    143. StormbringerBomber
    144. PawnPawn ×2
    145. Advanced solar
    146. Wind
    147. PawnPawn
    148. Wind
    149. Advanced solar
    150. PawnPawn
    151. Wind ×2
    152. Advanced solar
    153. PawnPawn
    154. FalconFighter
    155. PawnPawn
    156. Wind ×2
    157. FalconFighter
    158. PawnPawn
    159. FalconFighter
    160. PawnPawn
    161. FalconFighter
    162. Wind
    163. PawnPawn
    164. FalconFighter
    165. Wind
    166. PawnPawn
    167. FalconFighter
    168. PawnPawn
    169. FalconFighter
    170. Wind
    171. PawnPawn
    172. FalconFighter
    173. Wind
    174. PawnPawn
    175. FalconFighter
    176. PawnPawn
    177. FalconFighter
    178. PawnPawn
    179. Wind
    180. FalconFighter
    181. Wind
    182. PawnPawn
    183. FalconFighter
    184. PawnPawn
    185. FalconFighter
    186. PawnPawn
    187. Wind
    188. FalconFighter
    189. Wind
    190. PawnPawn
    191. FalconFighter
    192. PawnPawn
    193. FalconFighter
    194. PawnPawn
    195. Wind
    196. FalconFighter
    197. PawnPawn
    198. Wind
    199. FalconFighter
    200. PawnPawn
    201. FalconFighter
    202. PawnPawn
    203. Wind
    204. FalconFighter
    205. PawnPawn
    206. Wind
    207. FalconFighter
    208. PawnPawn
    209. FalconFighter
    210. PawnPawn
    211. Wind
    212. FalconFighter
    213. PawnPawn
    214. Wind
    215. FalconFighter
    216. PawnPawn

Counts are medians over the build's games: half of them build more, half fewer. The example game is ChaoticNoob's (34 OS, 03/09/2026); pick another.

Team trades

IN AT LEAST 30% OF ITS GAMES

You hand over

Nothing regular.

You get

  • Tidal Generator4 Tidal from Pondfirst at 0:11 · in 71% of games
  • Advanced Construction Bot1 T2 con bot from Tech or Geofirst at 8:22 · in 46% of games

How it plays out

Typical game of this build against the role’s standard build, running totals by minute

  • This build
  • Standard suicide front

Metal produced

010k20k
0:005:0010:0015:00

metal

Enemy metal destroyed

05k10k
0:005:0010:0015:00

metal

Own metal lost

05k10k
0:005:0010:0015:00

metal

99 games.

Show as table
ByMetal produced: This buildMetal produced: Standard suicide frontEnemy metal destroyed: This buildEnemy metal destroyed: Standard suicide frontOwn metal lost: This buildOwn metal lost: Standard suicide front
1:003112300000
2:009438870000
3:0019082006283192180130
4:0029433106829647620503
5:0039464189145913581265988
6:00507453542175220421061677
7:00621265533683308636302547
8:00726777614357396450003441
9:00828590455009473054144337
10:009229104025576534659515125
11:0010300118526262589467765902
12:0011634135456546644473896635
13:0012647153476926691285417393
14:0014257172297697754989718179
15:0014628191608025817195208947
WHAT THE NUMBERS SAY

Won less often than the standard Suicide front build despite destroying more enemy metal.

  • + Destroys 10959 metal by 15:00 vs standard's 8295
  • + Mace committed by 2:03, far ahead of the 10% norm
  • − Own losses run higher, 11331 vs 9179 by 15:00
  • − Metal produced trails standard by 15:00, 18386 vs 20141
THE EXAMPLE YOU ARE READING

ChaoticNoob

33.5 OS · 03/09/2026

Open source match ↗

9 received units · includes a constructor
61 metal received · 38290 energy received

Allied construction assistance is unknown. Timings are observations, not a promise of solo reproducibility.

Typical milestones

Bot Lab0:35Middle 50%: 0:30–0:46 · n=99
Advanced Metal Extractor10:45Middle 50%: 9:05–11:41 · n=57

Played most by

[crd]sisa33games of this buildChaoticNoob18games of this build[Fx]Doo9games of this buildDread295games of this buildHorlof5games of this build